 Dungeon Crawl Stone Soup version 0.23-a0-183-gf37f6fb109 (webtiles) character file.

5 Manul the Ducker (level 1, -10/11 HPs)
             Began as a Spriggan Abyssal Knight on Sept 23, 2018.
             Was a Follower of Lugonu.
             Killed from afar by a raiju (18 damage)
             ... with a living lightning
             ... on level 1 of the Abyss.
             The game lasted 00:01:01 (232 turns).

Manul the Ducker (Spriggan Abyssal Knight)           Turns: 232, Time: 00:01:02

Health: -10/11     AC:  2    Str:  8    XL:     1   Next: 66%
Magic:  3/3        EV: 19    Int: 13    God:    Lugonu [*.....]
Gold:   0          SH:  0    Dex: 15    Spells: 0/0 levels left

rFire    . . .     SeeInvis +   d - +1 spear (venom)
rCold    . . .     Gourm    .   (shield restricted)
rNeg     . . .     Faith    .   b - +0 robe
rPois    .         Spirit   .   (helmet restricted)
rElec    .         Reflect  .   (no cloak)
rCorr    .         Harm     .   (gloves unavailable)
MR       .....                  (boots unavailable)
Stlth    +.........             (no amulet)
HPRegen  0.03/turn              (no ring)
MPRegen  0.08/turn              (no ring)

@: very quick
A: very small, unfitting armour, see invisible, herbivore, speed 3, slow
metabolism 2
a: Depart the Abyss, Renounce Religion


You were on level 1 of the Abyss.
You worshipped Lugonu.
Lugonu was aware of your devotion.
You were not hungry.

You visited 0 branches of the dungeon, and saw 0 of its levels.
You visited the Abyss 1 time.

Inventory:

Hand Weapons
 a - a +1 short sword
 d - a +1 spear of venom (weapon)
Armour
 b - a +0 robe (worn)
Comestibles
 c - 2 rations


   Skills:
 + Level 2.6 Fighting
 + Level 2.2 Short Blades
 + Level 3.6 Dodging
 + Level 1.8 Invocations


You couldn't memorise any spells.
You didn't know any spells.
Your spell library was empty.

Dungeon Overview and Level Annotations

Branches:
Dungeon (0/15)

Altars:


Innate Abilities, Weirdness & Mutations

You are very small and have problems with some larger weapons.
You are too small for most types of armour.
You have supernaturally acute eyesight. (SInv)
You are a herbivore.
You cover ground extremely quickly.
You need to consume almost no food.


Message History

A starcursed mass splits.
The starcursed mass shrieks in your mind.
A starcursed mass splits.
As you read the scroll labeled TIOTHR CUPURR, it crumbles to dust.
The air around you briefly surges with heat, but it dissipates.
It was a scroll of immolation.
The smoke demon roars!
You feel yourself growing ill in the presence of the ancient zyme.
A large abomination comes into view.
Found a gateway leading out of the Abyss.
You feel yourself growing ill in the presence of the ancient zyme.
A raiju comes into view.
An eye of devastation comes into view.
The eye of devastation turns its gaze towards you.
The raiju barks!
A large abomination comes into view.
The raiju bursts into living lightning!
The living lightning hits you!
Ouch! That really hurt!
You die...

#.....#....##
.###.# ##
#....##...#......3
..#.###..#.#.x.
x.# .
##...........###
#. # ...
###........#...# .
# .#.# #.h#. ##.#.
##u#.
...#..##.####.###.
..#.#
#..#...........
...#. #..@#.##....
.#.##.. ##...#..
#... ## .#
#..#..#.#.##..# ..
#.#.#....# .#....
# #. . .##... #.
#. # #. .# # .


You could see a raiju.

Vanquished Creatures
  An ufetubus (Abyss:1)
1 creature vanquished.

Vanquished Creatures (others)
  4 starspawn tentacles (Abyss:1)
4 creatures vanquished.

Grand Total: 5 creatures vanquished

Notes
Turn   | Place    | Note
-------+----------+-------------------------------------------
     0 | Abyss:1  | Manul the Spriggan Abyssal Knight began the quest for the
                  | Orb.
     0 | Abyss:1  | Reached XP level 1. HP: 11/11 MP: 3/3
    89 | Abyss:1  | Noticed a tentacled starspawn
   130 | Abyss:1  | Noticed a cyan very ugly thing
   148 | Abyss:1  | Noticed a ynoxinul
   166 | Abyss:1  | Noticed a tentacled starspawn
   184 | Abyss:1  | Noticed a starcursed mass
   211 | Abyss:1  | Noticed an ancient zyme
   211 | Abyss:1  | Noticed a smoke demon
   214 | Abyss:1  | Noticed a large abomination
   224 | Abyss:1  | Noticed a raiju
   225 | Abyss:1  | Noticed an eye of devastation
   226 | Abyss:1  | Noticed a large abomination
   232 | Abyss:1  | Killed from afar by a raiju

Vault maps used:
Abyss:1:  gammafunk_corrupted_shrine

Action                   || total
-------------------------++-------
Melee: Spear             ||     1
  Use: Scroll            ||     2

Table legend:
 A = Non-vault XP
 B = Vault XP
 C = Vault XP percentage of total XP
 D = Non-vault monster count
 E = Vault monster count
 F = Vault count percentage of total count
                 A         B        C        D         E       F
            +---------+---------+-------+---------+---------+-------
      Total |       8 |       0 |   0.0 |       1 |       0 |   0.0
            +---------+---------+-------+---------+---------+-------
    Abyss:1 |       8 |       0 |   0.0 |       1 |       0 |   0.0
            +---------+---------+-------+---------+---------+-------
